 Dungeon Crawl Stone Soup version 0.17.1-1-g73c8601 (webtiles) character file.

49 Implojin the Insei (level 3, -3/19 HPs)
             Began as a Vine Stalker Monk on Apr 8, 2016.
             Slain by a giant frog (7 damage)
             ... on level 6 of the Dungeon.
             The game lasted 00:01:54 (373 turns).

Implojin the Insei (Vine Stalker Monk)               Turns: 373, Time: 00:01:55

Health: -3/19      AC:  2    Str: 13    XL:     3   Next: 75%
Magic:  0/4        EV: 13    Int: 15    God:
Gold:   44         SH:  0    Dex: 17    Spells: 0 memorised, 2 levels left

rFire  . . .     SeeInvis .       - Unarmed
rCold  . . .     Clarity  .     a - +0 robe
rNeg   . . .     SustAt   .     (no shield)
rPois  .         Gourm    .     (no helmet)
rElec  .         Spirit   +     (no cloak)
rCorr  .         Warding  .     (no gloves)
rMut   .         Stasis   .     (no boots)
MR     .....                    (no amulet)
Stlth  ++........               (no ring)
                                (no ring)

@: brilliant, about to teleport, not resistant to hostile enchantments,
unstealthy
A: fangs 2, regeneration 1, magic shield, antimagic bite, no device heal 3, rot
immunity
a: no special abilities


You were on level 6 of the Dungeon.
You were not hungry.

You visited 1 branch of the dungeon, and saw 6 of its levels.

You collected 44 gold pieces.

Inventory:

Armour
 a - a +0 robe (worn)
Jewellery
 h - an uncursed ring of fire
Scrolls
 e - a scroll of amnesia {unknown}
 i - a scroll of fog {unknown}
 k - a scroll of enchant weapon {unknown}
Potions
 c - a potion of brilliance
 f - a potion of agility {unknown}
 j - a potion of haste {unknown}
Comestibles
 b - 2 bread rations


   Skills:
 - Level 2.6 Fighting
 - Level 2.4 Dodging
 - Level 2.4 Stealth
 * Level 5.3 Unarmed Combat


You had 2 spell levels left.
You didn't know any spells.

Dungeon Overview and Level Annotations

Branches:
Dungeon (6/15)
 Temple: D:4-7

Altars:
Trog


Innate Abilities, Weirdness & Mutations

You have extremely sharp teeth.
Your natural rate of healing is unusually fast.
When hurt, damage is shared between your health and your magic reserves.
Your bite disrupts and absorbs the magic of your enemies.
Potions and wands cannot restore your health.
You are immune to rotting.


Message History

* * * LOW HITPOINT WARNING * * *
You miss the crimson imp.
The crimson imp is severely wounded.
The crimson imp falters for a moment.
You hit the crimson imp.
You kill the crimson imp!
Your Unarmed Combat skill increases to level 5!
You have reached level 3!
Your experience leads to an increase in your attributes!
Increase (S)trength, (I)ntelligence, or (D)exterity?
You feel agile.
A giant frog comes into view.
The giant frog completely misses you.
You barely miss the giant frog. Your bite misses the giant frog.
The giant frog completely misses you.
You closely miss the giant frog.
You bite the giant frog, but do no damage.
The giant frog hits you. The giant frog barely misses you.
You hit the giant frog.
The giant frog is lightly wounded.
The giant frog hits you.
* * * LOW HITPOINT WARNING * * *
Drink which item? (? for menu, Esc to quit)
It was a potion of brilliance.
You feel clever all of a sudden. The giant frog barely misses you.
The giant frog hits you.
* * * LOW HITPOINT WARNING * * *
Unknown command.
Read which item? (? for menu, Esc to quit)
Okay, then.
Read which item? (? for menu, Esc to quit)
As you read the scroll labeled ERRINA GIDDASO, it crumbles to dust.
It is a scroll of identify.
Identify which item? (\ to view known items) (? for menu, Esc to quit)
g - a scroll of teleportation The giant frog barely misses you.
Read which item? (? for menu, Esc to quit)
As you read the scroll of teleportation, it crumbles to dust.
You feel strangely unstable. The giant frog hits you!
You die...

#.# #.# .#
#.# .# #.#
.. #.# .#
#.# .# #.#
.#
#.#######F#
#.......@.#
###########


You could see a giant frog.

Vanquished Creatures
  A crimson imp (D:6)
  A hound skeleton (D:6)
  3 giant cockroaches
  A bat (D:1)
  A quokka zombie (D:6)
7 creatures vanquished.

Notes
Turn   | Place    | Note
--------------------------------------------------------------
     0 | D:1      | Implojin the Vine Stalker Monk began the quest for the Orb.
     0 | D:1      | Reached XP level 1. HP: 11/11 MP: 2/2
   134 | D:2      | Found a bloodstained altar of Trog.
   249 | D:5      | Entered Level 5 of the Dungeon
   293 | D:6      | Reached XP level 2. HP: 13/16 MP: 3/3
   320 | D:6      | Noticed a crimson imp
   358 | D:6      | Killed a crimson imp
   358 | D:6      | Reached skill level 5 in Unarmed Combat
   358 | D:6      | Reached XP level 3. HP: 10/19 MP: 2/4
   367 | D:6      | Noticed a giant frog
   373 | D:6      | Slain by a giant frog

Action                   || total
-------------------------++-------
Melee: Unarmed           ||    49
  Use: Scroll            ||     2
       Potion            ||     1

Table legend:
 A = Turns spent in this place as a percentage of turns spent in the entire game.
 B = Non-inter-level travel turns spent in this place as a percentage of non-inter-level travel turns spent in the entire game.
 C = Inter-level travel turns spent in this place as a percentage of turns spent in this place.
 D = Turns resting spent in this place as a percentage of non-inter-level travel turns spent in this place.
 E = Turns spent auto-exploring this place as a percentage of non-inter-level travel turns spent in this place.
 F = Non-inter-level travel turns spent in this place divided by the number of levels of this place that you've seen.
                   A       B       C       D       E      F
               +-------+-------+-------+-------+-------+----------------------
         Total | 100.0 | 100.0 |   0.0 |   0.0 |   0.0 |  61.0
       Dungeon | 100.0 | 100.0 |   0.0 |   0.0 |   0.0 |  61.0
               +-------+-------+-------+-------+-------+----------------------

Table legend:
 A = Kills in this place as a percentage of kills in entire the game.
 B = Kills by you in this place as a percentage of kills by you in the entire game.
 C = Kills by friends in this place as a percentage of kills by friends in the entire game.
 D = Other kills in this place as a percentage of other kills in the entire game.
 E = Experience gained in this place as a percentage of experience gained in the entire game.
 F = Experience gained in this place divided by the number of levels of this place that you have seen.
                   A       B       C       D       E      F
               +-------+-------+-------+-------+-------+----------------------
         Total | 100.0 | 100.0 |  -nan |  -nan | 100.0 |  11.7
       Dungeon | 100.0 | 100.0 |  -nan |  -nan | 100.0 |  11.7
               +-------+-------+-------+-------+-------+----------------------
